 Dungeon Crawl Stone Soup version 0.29.1-12-g30fa7ad0bf (webtiles) character file.

Game seed: 11846660910967549113

1466 Radix the Covert (level 9, -1/55 HPs)
             Began as a Kobold Brigand on Dec 14, 2022.
             Was a Follower of Wu Jian.
             Killed from afar by a steam dragon (10 damage)
             ... with a ball of steam
             ... on level 6 of the Dungeon.
             The game lasted 00:37:28 (6005 turns).

Radix the Covert (Kobold Brigand)                   Turns: 6005, Time: 00:37:29

Health: -1/55      AC:  8    Str:  9    XL:     9   Next: 6%
Magic:  12/12      EV: 14    Int: 12    God:    Wu Jian [*.....]
Gold:   284        SH:  0    Dex: 20    Spells: 12/12 levels left

rFire   . . .      SeeInvis .   D - +0 shortbow
rCold   . . .      Faith    .   (shield currently unavailable)
rNeg    . . .      Spirit   .   u - +2 robe {Will+}
rPois   .          Reflect  .   k - +0 helmet
rElec   .          Harm     .   c - +0 cloak
rCorr   .          Rampage  .   t - +0 pair of gloves
Will    +....                   r - +0 pair of boots
Stlth   +++++.....              (no amulet)
HPRegen 0.18/turn               (no ring)
MPRegen 0.13/turn               (no ring)

@: no status effects
A: small, no large weapons, nightstalker 3
a: Renounce Religion


You were on level 6 of the Dungeon.
You worshipped Wu Jian.
Wu Jian was aware of your devotion.
You visited 1 branch of the dungeon, and saw 6 of its levels.

You collected 284 gold pieces.

Inventory:

Hand Weapons
 a - a +3 dagger
 b - a +1 dagger of venom
 f - a +0 sling
 A - a +0 rapier
 D - a +0 shortbow (weapon)
Missiles
 d - 7 poisoned darts
 e - 3 curare-tipped darts
Armour
 c - a +0 cloak (worn)
 g - a +0 buckler
 k - a +0 helmet (worn)
 m - a +2 kite shield of reflection
 r - a +0 pair of boots (worn)
 t - a +0 pair of gloves (worn)
 u - a +2 robe of willpower (worn)
Jewellery
 j - an amulet of faith
Wands
 B - a wand of acid (13)
Scrolls
 i - a scroll of magic mapping {unknown}
 l - a scroll of brand weapon {unknown}
 n - a scroll of fear {unknown}
 o - a scroll of teleportation {unknown}
 q - a scroll of fog {unknown}
 v - a scroll of enchant weapon
 x - a scroll of immolation {unknown}
 y - a scroll of acquirement {unknown}
 z - a scroll of identify
 C - a scroll of blinking {unknown}
Potions
 h - 2 potions of haste {unknown}
 w - 2 potions of mutation


   Skills:
 + Level 6.0 Fighting
 + Level 7.2 Short Blades
 + Level 6.4 Ranged Weapons
 - Level 2.1 Throwing
 - Level 1.2 Dodging
 + Level 9.1 Stealth
 + Level 2.0 Spellcasting


You had 12 spell levels left.
You didn't know any spells.
Your spell library contained the following spells:

 Spells                   Type           Power      Damage    Failure   Level
 Shock                    Conj/Air       4%         1d3       26%         1
 Blink                    Tloc           2%         N/A       38%         2
 Ignite Poison            Fire/Tmut/Pois 1%         N/A       63%         3
 Mephitic Cloud           Conj/Pois/Air  1%         N/A       63%         3
 Swiftness                Air            1%         N/A       63%         3
 Tukima's Dance           Hex            1%         N/A       63%         3
 Airstrike                Air            0%         2d(1-17)  95%         4
 Passage of Golubria      Tloc           1%         N/A       95%         4
 Summon Ice Beast         Ice/Summ       1%         N/A       95%         4
 Freezing Cloud           Conj/Ice/Air   0%         6-21      100%        5
 Manifold Assault         Tloc           1%         N/A       100%        5
 Summon Mana Viper        Hex/Summ       1%         N/A       100%        5
 Yara's Violent Unravell  Hex/Tmut       0%         3d3       100%        5
 Monstrous Menagerie      Summ           0%         N/A       100%        7
 Storm Form               Tmut/Air       0%         N/A       100%        7


Dungeon Overview and Level Annotations

Branches:
Dungeon (6/15)
 Temple: D:4-7

Altars:
Cheibriados
Vehumet
Wu Jian


Innate Abilities, Weirdness & Mutations

You are small and have problems with some larger weapons.
You are completely attuned to the shadows.


Message History

Really attack while wielding your +0 shortbow? [Y]es or [N]o only, please.
Really attack while wielding your +0 shortbow?
Okay, then.
Fire: D) +0 shortbow
Press: ? - help, Q - select action, (/) - cycle Shift-Dir - straight line, f/p - steam dragon
Aim: a steam dragon (steam, catching its breath, 68% to hit)
You shoot an arrow. The arrow hits the steam dragon.
The steam dragon is lightly wounded.
The scorpion is engulfed in a cloud of scalding steam.
The scorpion stings you but does no damage.
The steam dragon bites you. The steam dragon misses you.
The adder barely misses you. The adder attacks as you move away!
The adder bites you but does no damage.
The scorpion is engulfed in a cloud of scalding steam. x2
The scorpion dies!
Your Spellcasting skill increases to level 2!
The adder misses you. The steam dragon breathes steam at you.
The ball of steam misses you. The adder misses you.
The adder is engulfed in a cloud of scalding steam.
The adder bites you but does no damage. The adder closely misses you.
The adder attacks as you move away! The adder closely misses you.
The steam dragon breathes steam at you.
The ball of steam hits the adder!
The adder dies!
The ball of steam hits you.
You are engulfed in a cloud of scalding steam.
Fire: D) +0 shortbow
Press: ? - help, Q - select action, (/) - cycle Shift-Dir - straight line, f/p - steam dragon
Aim: a steam dragon (steam, 68% to hit)
You shoot an arrow. The arrow hits the steam dragon!
The steam dragon is heavily wounded.
The steam dragon breathes steam at you. The ball of steam hits you!
You are engulfed in a cloud of scalding steam.
* * * LOW HITPOINT WARNING * * *
The steam dragon breathes steam at you. The ball of steam hits you!
You die...

###....#......# #§§.§†....#
#........#.##.###.#########
#.########.....##.#
........))..#<.##D#
###########.#..##D##########.
.........##.##.).).....
o.###.##.##§##)###.....
o..##.##..§§.....#.####
#o.......@.##.#)#.#
####.########...#.#
............)).#
..############## ..


There were no monsters in sight!

Vanquished Creatures
  Sigmund (D:2)
  An orc warrior (D:6)
  An ice beast (D:5)
  3 black bears
  A centaur (D:5)
  A necrophage (D:4)
  3 scorpions
  An orc priest (D:6)
  A gnoll bouda (D:4)
  2 hounds
  7 iguanas
  An orc wizard (D:6)
  A gnoll (D:4)
  7 adders
  A shadow imp (D:4)
  A white imp (D:5)
  A worm (D:5)
  A dart slug (D:4)
  20 orcs
  6 ball pythons
  6 bats
  5 endoplasms
  4 giant cockroaches
  12 goblins
  7 hobgoblins
  9 kobolds
  4 quokkas
  2 frilled lizards (D:3)
  3 rats
113 creatures vanquished.

Vanquished Creatures (others)
  A scorpion (D:6)
  An adder (D:6)
2 creatures vanquished.

Grand Total: 115 creatures vanquished

Notes
Turn   | Place    | Note
-------+----------+-------------------------------------------
     0 | D:1      | Radix the Kobold Brigand began the quest for the Orb.
     0 | D:1      | Reached XP level 1. HP: 12/12 MP: 1/1
   224 | D:1      | Reached XP level 2. HP: 17/18 MP: 2/2
   354 | D:1      | Reached skill level 1 in Ranged Weapons
   727 | D:2      | Reached XP level 3. HP: 20/22 MP: 3/3
  1083 | D:2      | Found a radiant altar of Vehumet.
  1146 | D:2      | Noticed Sigmund
  1352 | D:2      | Killed Sigmund
  1353 | D:2      | Reached skill level 6 in Stealth
  1353 | D:2      | Reached XP level 4. HP: 28/28 MP: 4/4
  1353 | D:2      | Reached XP level 5. HP: 32/32 MP: 5/5
  1353 | D:2      | Reached XP level 6. HP: 37/37 MP: 6/6
  2682 | D:3      | Found an ornate altar of the Wu Jian Council.
  2694 | D:3      | Became a worshipper of the Wu Jian Council
  2904 | D:4      | Noticed a black bear
  2919 | D:4      | Killed a black bear
  2920 | D:4      | Reached skill level 5 in Short Blades
  2920 | D:4      | Reached skill level 7 in Stealth
  3063 | D:4      | Reached XP level 7. HP: 43/43 MP: 7/7
  3385 | D:4      | Found a snail-covered altar of Cheibriados.
  3888 | D:4      | Reached * piety under Wu Jian
  3914 | D:4      | Reached skill level 5 in Ranged Weapons
  3927 | D:4      | Reached XP level 8. HP: 11/48 MP: 8/8
  4168 | D:4      | Reached skill level 5 in Fighting
  4333 | D:5      | Entered Level 5 of the Dungeon
  4359 | D:5      | Reached skill level 8 in Stealth
  5364 | D:6      | Reached skill level 1 in Spellcasting
  5611 | D:6      | Reached skill level 9 in Stealth
  5647 | D:6      | Reached XP level 9. HP: 17/55 MP: 11/11
  6005 | D:6      | Killed from afar by a steam dragon

Illustrated notes

Levels and vault maps discovered:
D:1:      dpeg_arrival_radiant, layout_basic
D:2:      layout_basic, basic_altar, kennysheep_minor_cross, uniq_sigmund
D:3:      layout_loops_corners, overflow_temple_1_default, minmay_goblin_outpost
D:4:      minmay_bubble_buster, layout_loops_ring, general_overflow_altar
D:5:      layout_basic
D:6:      layout_basic

Skill      XL: |  1  2  3  4  5  6  7  8  9 |
---------------+----------------------------+-----
Short Blades   | 3 4 5 6 7 |  7.2
Ranged Weapons | 1 3 5 6 |  6.4
Fighting       | 3 4 5 6 |  6.0
Stealth        | 6 7 9 |  9.1
Spellcasting   | 1 2 |  2.0
Throwing       | |  2.1
Dodging        | |  1.2

Action                   |  1- 3 |  4- 6 |  7- 9 || total
-------------------------+-------+-------+-------++-------
Melee: Dagger            |    47 |    90 |   218 ||   355
 Fire: Shortbow          |       |       |    24 ||    24
       Sling             |       |       |     5 ||     5
Throw: Dart              |     1 |       |    11 ||    12
Invok: Lunge             |       |     3 |    23 ||    26
       Whirlwind         |       |       |     5 ||     5
  Use: Scroll            |       |     4 |     1 ||     5
       Potion            |       |       |     6 ||     6
 Stab: Sleeping          |    14 |    16 |    26 ||    56
       Distracted        |     1 |       |     1 ||     2
Armor: Robe              |     7 |    25 |    38 ||    70
       Skin              |       |       |    20 ||    20
Dodge: Dodged            |    26 |    32 |   125 ||   183
Block: Buckler           |     7 |    17 |    45 ||    69
